 Dungeon Crawl Stone Soup version 0.29-a0-341-g24ffce5b50 (webtiles) character file.

Game seed: 1504119539987646545

20 spaghetti the Caller (level 2, 3/22 HPs)
             Began as a Deep Dwarf Summoner on Apr 20, 2022.
             Quit the game on level 1 of the Dungeon.
             The game lasted 00:02:30 (653 turns).

spaghetti the Caller (Deep Dwarf Summoner)           Turns: 653, Time: 00:02:31

Health: 3/22       AC:  2    Str: 11    XL:     2   Next: 58%
Magic:  2/4        EV: 12    Int: 15    God:
Gold:   65         SH:  0    Dex: 13    Spells: 3/4 levels left

rFire   . . .      SeeInvis .   f - +0 club {mace}
rCold   + . .      Faith    .   (no shield)
rNeg    . . .      Spirit   .   a - +0 robe
rPois   .          Reflect  .   (no helmet)
rElec   .          Harm     .   (no cloak)
rCorr   .          Rampage  .   (no gloves)
Will    .....                   (no boots)
Stlth   ++........              (no amulet)
HPRegen 0.00/turn               (no ring)
MPRegen 0.09/turn               (no ring)

@: no status effects
A: damage resistance, heal wounds, sense surroundings 1, no regeneration, cold
resistance 1
a: Heal Wounds


You were on level 1 of the Dungeon.
You visited 1 branch of the dungeon, and saw 1 of its levels.

You collected 65 gold pieces.


Innate Abilities, Weirdness & Mutations

You are resistant to damage.
You can heal yourself by infusing magical energy.
You passively map a small area around you.
You do not regenerate.
Your flesh is cold resistant. (rC+)


   Skills:
 - Level 2.1 Dodging
 - Level 2.4 Stealth
 - Level 1.7 Spellcasting
 + Level 4.3 Summonings


You had 3 spell levels left.
You knew the following spells:

 Your Spells              Type           Power      Damage    Failure   Level
a - Summon Small Mammal   Summ           56%        N/A       3%          1

Your spell library contained the following spells:

 Spells                   Type           Power      Damage    Failure   Level
 Call Imp                 Summ           14%        N/A       6%          2
 Call Canine Familiar     Summ           14%        N/A       12%         3
 Summon Guardian Golem    Hex/Summ       7%         N/A       28%         3
 Summon Lightning Spire   Summ/Air       7%         N/A       67%         4

Inventory:

Hand Weapons
 f - a +0 club (weapon) {mace}
   (You found it on level 1 of the Dungeon)
Armour
 a - a +0 robe (worn)
Scrolls
 c - a scroll of vulnerability {unknown}
 d - a scroll of identify {unknown}
 e - a scroll of blinking {unknown}
 g - a scroll of enchant weapon {unknown}
Potions
 b - a potion of magic

Dungeon Overview and Level Annotations

Branches:
Dungeon (1/15)

Altars:

Shops:
D:1

(
....##.##.######.#
................
..##.##.######.# ,
* , .. #.##.# * *
...#.##.##* , +
.....##..# , ,
g........+, ,,
##.####..# * #@r#*
, ,.......gr# * *
* ##.####..# *
#... , , #..##* *
,,, .... , *,
,....,, ** ** ,
#.### ,


You could see a goblin (ally target), a friendly quokka (summoned) and a
friendly rat (summoned).


Message History

A gnoll is nearby!
A gnoll is nearby!
Casting: Summon Small Mammal (safe; 4% risk of failure)
Confirm with . or Enter, or press ? or * to list all spells.
😕 MP[-1]
You lost 1 mp, and now have 3/4 mp.
Casting: Summon Small Mammal (safe; 4% risk of failure)
Confirm with . or Enter, or press ? or * to list all spells.
Your rat disappears in a puff of smoke! 😕 MP[-1]
You lost 1 mp, and now have 2/4 mp.
What are your orders? t - Shout!
Orders for allies: a - Attack new target. r - Retreat! s - Stop attacking. g - Guard the area. f - Follow me.
Anything else - Cancel.
Gang up on whom?
Press: ? - help, Dir - move target, f - gnoll
Aim: a gnoll, wielding a +0 club Attack!
The gnoll barely misses your bat.
Your bat barely misses the gnoll.
You swap places.
The gnoll hits you with a +0 club!
Your bat hits the gnoll but does no damage. 😮 HP[-5]
You take 5 damage, and now have 14/22 hp.
MASSIVE DAMAGE!! (PAUSE)
You hit the gnoll.
Your bat closely misses the gnoll.
The gnoll hits you with a +0 club. 😮 HP[-1]
You take 1 damage, and now have 13/22 hp.
You closely miss the gnoll. The gnoll barely misses you.
Your bat barely misses the gnoll.
The gnoll closely misses you.
Unknown command.
You hit the gnoll but do no damage.
Your bat barely misses the gnoll.
Your bat closely misses the gnoll.
Your bat hits the gnoll.
Your rat barely misses the gnoll.
Your bat barely misses the gnoll.
The gnoll hits you but does no damage.
You barely miss the gnoll.
Your bat hits the gnoll but does no damage.
Your bat hits the gnoll.
Your bat hits the gnoll but does no damage.
Your rat bites the gnoll but does no damage.
The gnoll hits you but does no damage.
Your rat closely misses the gnoll.
You hit the gnoll.
Your bat hits the gnoll but does no damage.
The gnoll hits you with a +0 club!
* * * LOW HITPOINT WARNING * * *
Your rat barely misses the gnoll.
Your bat barely misses the gnoll. 😨 HP[-6]
You take 6 damage, and now have 7/22 hp.
MASSIVE DAMAGE!! (PAUSE)
You hit the gnoll. Your bat hits the gnoll.
Your bat barely misses the gnoll. x2
The gnoll hits you but does no damage.
Your rat barely misses the gnoll.
Your bat closely misses the gnoll.
The gnoll barely misses you. 😨 MP[+1]
You hit the gnoll.
You kill the gnoll!
It was a potion of attraction.
You feel attractive to monsters.
Unknown command.
It was a potion of cancellation.
Your magical effects are unravelling.
You feel magically purged.
You feel less attractive to monsters.
It was a potion of mutation.
You feel extremely strange.
You feel resistant to cold.
Unknown command.
You swap places.
Things that are here:
a +0 club {mace}; a gnoll corpse; 😨 MP[+1]
Your mp is fully restored (4).
d - a scroll labelled SYRYLE DOSUIC Your rat disappears in a puff of smoke!
A goblin comes into view. It is wielding a +0 club.
A goblin is nearby!
Your bat disappears in a puff of smoke!
A hobgoblin comes into view.
The helpless goblin fails to defend itself.
You hit the goblin. The goblin hits you with a +0 club.
* * * LOW HITPOINT WARNING * * *
😨 HP[-1]
You take 1 damage, and now have 6/22 hp.
Casting: Summon Small Mammal (safe; 3% risk of failure)
Confirm with . or Enter, or press ? or * to list all spells.
The goblin closely misses you. 😨 MP[-1]
You lost 1 mp, and now have 3/4 mp.
Casting: Summon Small Mammal (safe; 3% risk of failure)
Confirm with . or Enter, or press ? or * to list all spells.
The goblin hits you with a +0 club.
* * * LOW HITPOINT WARNING * * *
Your quokka barely misses the goblin. 😱 HP[-2] MP[-1]
You take 2 damage, and now have 4/22 hp.
You lost 1 mp, and now have 2/4 mp.
You barely miss the goblin. The goblin hits you with a +0 club.
* * * LOW HITPOINT WARNING * * *
The goblin hits you but does no damage. 😱 HP[-1]
You take 1 damage, and now have 3/22 hp.
Are you sure you want to abandon this character and quit the game? (Confirm with "yes".)

Skill      XL: |  1 |
---------------+----+-----
Summonings     | 4 |  4.3
Dodging        | |  2.1
Stealth        | |  2.4
Spellcasting   | |  1.7

Action                   || total
-------------------------++-------
Melee: Unarmed           ||    21
       Club              ||    24
 Cast: Summon Small Mamm ||    20
  Use: Potion            ||     3
 Stab: Sleeping          ||     1
Armor: Robe              ||    17
Dodge: Dodged            ||    45

Levels and vault maps discovered:
D:1:      lightli_arrival_farm, layout_basic, serial_shops, shop,
          dreamdust_wishing_well

Notes
Turn   | Place    | Note
-------+----------+-------------------------------------------
     0 | D:1      | spaghetti the Deep Dwarf Summoner began the quest for the
                  | Orb.
     0 | D:1      | Reached XP level 1. HP: 15/15 MP: 3/3
     0 | D:1      | magus.rc [v1.9.6]
    82 | D:1      | Found Doulonol's Weapon Shoppe.
   372 | D:1      | Reached skill level 4 in Summonings
   521 | D:1      | Reached XP level 2. HP: 19/22 MP: 1/4
   620 | D:1      | Gained mutation: Your flesh is cold resistant. (rC+)
                  | [potion of mutation]
   651 | D:1      | HP: 4/22 [goblin/+0 club (2)]
   653 | D:1      | Quit the game

Vanquished Creatures
  A gnoll (D:1)
  2 hobgoblins (D:1)
  A quokka (D:1)
  A ball python (D:1)
  A bat (D:1)
  2 rats (D:1)
8 creatures vanquished.

Vanquished Creatures (collateral kills)
  A giant cockroach (D:1)
  A ball python (D:1)
  A goblin (D:1)
  A rat (D:1)
4 creatures vanquished.

Grand Total: 12 creatures vanquished

Table legend:
 A = Non-vault XP
 B = Vault XP
 C = Vault XP percentage of total XP
 D = Non-vault monster count
 E = Vault monster count
 F = Vault count percentage of total count
                 A         B        C        D         E       F
            +---------+---------+-------+---------+---------+-------
      Total |      29 |       0 |   0.0 |      12 |       0 |   0.0
            +---------+---------+-------+---------+---------+-------
        D:1 |      29 |       0 |   0.0 |      12 |       0 |   0.0
            +---------+---------+-------+---------+---------+-------

Illustrated notes

Table legend:
 A = Kills in this place as a percentage of kills in entire the game.
 B = Kills by you in this place as a percentage of kills by you in the entire game.
 C = Kills by friends in this place as a percentage of kills by friends in the entire game.
 D = Other kills in this place as a percentage of other kills in the entire game.
 E = Experience gained in this place as a percentage of experience gained in the entire game.
 F = Experience gained in this place divided by the number of levels of this place that you have seen.
                   A       B       C       D       E      F
               +-------+-------+-------+-------+-------+----------------------
         Total | 100.0 | 100.0 | 100.0 |   N/A | 100.0 |  29.0
       Dungeon | 100.0 | 100.0 | 100.0 |   N/A | 100.0 |  29.0
               +-------+-------+-------+-------+-------+----------------------

Table legend: (Time is in decaauts)
 A = Elapsed time spent in this place.
 B = Non-inter-level travel time spent in this place.
 C = Inter-level travel time spent in this place.
 D = Time resting spent in this place.
 E = Time spent auto-exploring this place.
 F = Levels seen in this place.
 G = Mean time per level.
                   A        B        C        D        E       F      G
               +--------+--------+--------+--------+--------+-----+--------+
         Total |    677 |    677 |      0 |    100 |    411 |   1 |  677.0 |
       Dungeon |    677 |    677 |      0 |    100 |    411 |   1 |  677.0 |
               +--------+--------+--------+--------+--------+-----+--------+

Top non-repeatable levels by time:
     D:1: 677 daAuts
